 Dungeon Crawl Stone Soup version 0.27.0-1-g7a089689b8 (webtiles) character file.

Game seed: 18436358164010693986

320 Leibowitz the Cutter (level 6, -8/37 HPs)
             Began as a Kobold Gladiator on Aug 7, 2021.
             Killed from afar by Dowan (23 damage)
             ... with a shard of ice
             ... on level 6 of the Dungeon.
             The game lasted 00:06:21 (2968 turns).

Leibowitz the Cutter (Kobold Gladiator)             Turns: 2968, Time: 00:06:21

Health: -8/37      AC:  4    Str: 11    XL:     6   Next: 75%
Magic:  6/6        EV: 16    Int:  9    God:
Gold:   130        SH:  0    Dex: 19    Spells: 5/5 levels left

rFire    . . .     SeeInvis .   a - +0 rapier
rCold    . . .     Faith    .   (shield restricted)
rNeg     . . .     Spirit   .   b - +0 leather armour
rPois    .         Reflect  .   c - +0 helmet
rElec    .         Harm     .   (no cloak)
rCorr    .         Rampage  .   (no gloves)
Will     .....                  (no boots)
Stlth    +++.......             (no amulet)
HPRegen  0.12/turn              (no ring)
MPRegen  0.10/turn              (no ring)

@: hasted, very quick
A: small, no large weapons, nightstalker 3
a: no special abilities


You were on level 6 of the Dungeon.
You visited 1 branch of the dungeon, and saw 4 of its levels.

You collected 130 gold pieces.

Inventory:

Hand Weapons
 a - a +0 rapier (weapon)
Missiles
 d - 2 throwing nets (quivered)
Armour
 b - a +0 leather armour (worn)
 c - a +0 helmet (worn)
Scrolls
 g - 2 scrolls of teleportation {unknown}
 i - a scroll of acquirement {unknown}
 l - a scroll of identify {unknown}
 m - a scroll of amnesia {unknown}
Potions
 e - 2 potions of lignification
 h - a potion of brilliance {unknown}
 j - 2 potions of curing {unknown}
 k - a potion of ambrosia {unknown}


   Skills:
 * Level 3.1 Fighting
 * Level 6.7 Short Blades
 - Level 2.1 Throwing
 * Level 1.8 Armour
 * Level 4.5 Dodging
 * Level 3.5 Stealth


You had 5 spell levels left.
You didn't know any spells.
Your spell library was empty.

Dungeon Overview and Level Annotations

Branches:
Dungeon (3/15)

Altars:

Annotations:
D:6 Dowan


Innate Abilities, Weirdness & Mutations

You are small and have problems with some larger weapons.
You are completely attuned to the shadows.


Message History

You hit Duvessa but do no damage.
Duvessa is almost dead.
Duvessa completely misses you. The white imp gestures at you.
The puff of frost hits you!
You hit Duvessa.
You kill Duvessa!
Dowan screams, "No!
Oh no!"
Dowan seems to find hidden reserves of power!
Throw: 3 throwing nets
Press: ? - help, Q - select action Shift-Dir - straight line, f - Dowan
Aim: Dowan, wielding a +1 dagger of flaming and wearing a +0 robe (fast, 53% to hit)
You throw a throwing net. The throwing net hits Dowan.
Dowan is caught in the net!
You hear the slow rusting of a very distant drain.
Dowan struggles against the net.
You puncture Dowan!
Dowan is moderately wounded.
Dowan casts a spell.
Dowan blinks!
You see here a throwing net.
d - 3 throwing nets (gained 1)
The white imp hits you but does no damage.
There is an open door, spattered with blood here.
The white imp closely misses you.
Things that are here:
a +0 rapier; a +0 leather armour You hit the white imp but do no damage.
You hit the white imp but do no damage. The white imp gestures at you.
The puff of frost misses you.
You hit the white imp but do no damage.
Throw: 3 throwing nets
Press: ? - help, Q - select action Shift-Dir - straight line, f/p - Dowan
Aim: Dowan, wielding a +1 dagger of flaming and wearing a +0 robe (moderately wounded, fast, 53% to hit)
You throw a throwing net. The throwing net closely misses Dowan.
Dowan casts a spell at you. The shard of ice hits you!!
Ouch! That really hurt!
You die...

.....##..#.......#
.........#.......#
....###..#..###..#
.....##..#.)# #..#
.........#..###..#
.........#...e...#
.........#.......#
.........####'######.
.......#..#..)5@....
......####...e.....
...... ....#######
.##. ....# ###.


You could see Dowan (fast) and a white imp.

Vanquished Creatures
  Duvessa (D:6)
  A scorpion (D:6)
  Jessica (D:2)
  4 gnolls (D:1)
  2 adders (D:2)
  An adder skeleton (D:2)
  A dart slug (D:1)
  2 worms (D:2)
  8 orcs
  2 bats
  5 endoplasms
  A giant cockroach (D:2)
  6 goblins
  4 hobgoblins
  6 quokkas
  4 ball pythons
  2 frilled lizards (D:1)
  7 kobolds
  4 rats
62 creatures vanquished.

Notes
Turn   | Place    | Note
-------+----------+-------------------------------------------
     0 | D:1      | Leibowitz the Kobold Gladiator began the quest for the Orb.
     0 | D:1      | Reached XP level 1. HP: 12/12 MP: 1/1
   188 | D:1      | Reached XP level 2. HP: 17/17 MP: 2/2
  1096 | D:2      | Reached XP level 3. HP: 22/22 MP: 3/3
  1105 | D:2      | Reached skill level 1 in Stealth
  1492 | D:2      | Noticed Jessica
  1509 | D:2      | Killed Jessica
  1510 | D:2      | Reached skill level 5 in Short Blades
  1510 | D:2      | Reached XP level 4. HP: 18/27 MP: 4/4
  1668 | D:1      | Reached skill level 1 in Armour
  1805 | D:1      | Reached XP level 5. HP: 5/31 MP: 5/5
  2887 | D:3      | Reached skill level 6 in Short Blades
  2902 | D:3      | You fall into a shaft and drop 3 floors!
  2906 | D:6      | Reached XP level 6. HP: 37/37 MP: 6/6
  2943 | D:6      | Noticed Duvessa
  2943 | D:6      | Noticed Dowan
  2955 | D:6      | Killed Duvessa
  2968 | D:6      | Killed from afar by Dowan

Illustrated notes

Levels and vault maps discovered:
D:1:      lightli_arrival_statue_moat, layout_basic, minmay_misc_feat_rows
D:2:      minmay_spotlight, layout_rooms, uniq_jessica
D:3:      layout_rooms, trog_wizard, serial_shops, shop, guppyfry_early_orc_mine
D:6:      layout_layer_cave, grunt_gozag_statues,
          gammafunk_temple_overflow_statue, mainiacjoe_overflow_small_starburst,
          mainiacjoe_overflow_cross_hatched, serial_shops, shop,
          portal_sewer_entry_b, chequers_serial_rivers_small_b,
          kennysheep_generic_room_11, uniq_duvessa

Skill      XL: |  1  2  3  4  5  6 |
---------------+-------------------+-----
Dodging        | 4 |  4.5
Stealth        | 2 3 |  3.5
Short Blades   | 5 6 |  6.7
Armour         | 1 |  1.8
Fighting       | 3 |  3.1
Throwing       | |  2.1

Action                   |  1- 3 |  4- 6 || total
-------------------------+-------+-------++-------
Melee: Rapier            |    86 |   124 ||   210
Throw: Throwing net      |       |     2 ||     2
  Use: Potion            |       |     2 ||     2
 Stab: Sleeping          |     6 |     7 ||    13
Armor: Leather armour    |    13 |    17 ||    30
       Skin              |       |     6 ||     6
Dodge: Dodged            |    39 |    94 ||   133
